 Dungeon Crawl Stone Soup version 0.30-a0-141-g30f27751c5 (webtiles) character file.

Game seed: 11389396827131936027

2549 qw the Blocker (level 9, -1/52 HPs)
             Began as a Gargoyle Fighter on Sept 25, 2022.
             Was a Believer of Okawaru.
             Slain by a howler monkey (2 damage)
             ... on level 8 of the Dungeon.
             The game lasted 00:02:40 (8159 turns).

qw the Blocker (Gargoyle Fighter)                   Turns: 8159, Time: 00:02:40

Health: -1/52      AC: 28    Str: 24    XL:     9   Next: 56%
Magic:  11/12      EV: 10    Int:  9    God:    Okawaru [**....]
Gold:   273        SH: 17    Dex:  9    Spells: 8/8 levels left

rFire   . . .      SeeInvis .    Y - +3 war axe
rCold   + . .      Faith    .    m - +0 tower shield
rNeg    + . .      Spirit   .    l - +7 Kryia's mail coat {PotionHeal*2 rC+}
rPois   inf        Reflect  .    e - +1 helmet
rElec   +          Harm     .    (no cloak)
rCorr   .          Rampage  .    r - +2 pair of gloves
Will    .....                    j - +0 pair of boots
Stlth   +.........               k - amulet of the acrobat
HPRegen 0.17/turn                (no ring)
MPRegen 0.13/turn                (no ring)

@: about to teleport, heroic, marked
A: sickness immunity, AC +6, negative energy resistance 1, electricity
resistance, torment resistance 1, petrification resistance
a: Renounce Religion, Heroism


You were on level 8 of the Dungeon.
You worshipped Okawaru.
Okawaru was pleased with you.
You visited 2 branches of the dungeon, and saw 9 of its levels.

You collected 507 gold pieces.
You spent 234 gold pieces at shops.


Innate Abilities, Weirdness & Mutations

You are immune to sickness and miasma.
Your stone body is resilient. (AC +6)
You are immune to poison.
You resist negative energy. (rN+)
You are resistant to electric shocks. (rElec)
You are resistant to unholy torment.
You are immune to petrification.


   Skills:
 - Level 4.1(9.1) Fighting
 + Level 6.9(11.9) Axes
 - Level 3.2(8.2) Armour
 - Level 2.4(7.4) Dodging
 - Level 10.1(15.1) Shields
 - Level 4.1 Invocations


You had 8 spell levels left.
You didn't know any spells.
Your spell library was empty.

Inventory:

Hand Weapons
 a - a +0 flail
 Y - a +3 war axe (weapon)
Missiles
 u - 6 boomerangs (quivered)
Armour
 e - a +1 helmet (worn)
 j - a +0 pair of boots (worn)
 l - the +7 Kryia's mail coat (worn) {PotionHeal*2 rC+}
   (You found it on level 2 of the Dungeon)

   Potions are twice as effective at healing its wearer.
   rC:        It protects you from cold.
 m - a +0 tower shield (worn)
 p - the +2 scale mail "Gahaph" {rCorr}
   (You found it on level 4 of the Dungeon)

   rCorr:     It protects you from acid and corrosion.
 q - a +0 plate armour
 r - a +2 pair of gloves (worn)
Jewellery
 k - an amulet of the acrobat (around neck)
Scrolls
 n - a scroll of teleportation
 s - a scroll of immolation {unknown}
 t - a scroll of identify
Potions
 b - 3 potions of haste
 c - a potion of cancellation
 d - a potion of might
 f - 6 potions of curing
 g - a potion of heal wounds
 h - a potion of berserk rage {unknown}
 i - a potion of attraction
 o - a potion of flight {unknown}

Dungeon Overview and Level Annotations

Branches:
Dungeon (8/15)             Temple (1/1) D:4
   Lair: D:8-11

Altars:
Ashenzari
Cheibriados
Dithmenos
Elyvilon
Fedhas
Gozag
Hepliaklqana
Kikubaaqudgha
Makhleb
Nemelex Xobeh
Okawaru
Qazlal
Ru
Sif Muna
Trog
Uskayaw
Vehumet
Wu Jian
Xom
Yredelemnul
Zin
The Shining One

Shops:
D:4 !   D:7 [


Message History

You block the poisoned dart.
The howler monkey moves out of view.
You hit the white ugly thing.
The white ugly thing is moderately wounded.
You completely miss the howler monkey. You hit the gnoll but do no damage.
You closely miss the gnoll.
The white ugly thing headbutts you but does no damage.
A kobold brigand comes into view.
It is wielding a +0 dagger and quivering poisoned darts.
You block the gnoll's attack. You block the gnoll sergeant's attack.
The gnoll completely misses you. The gnoll hits you but does no damage.
The howler monkey hits you but does no damage.
You slash the white ugly thing!
The white ugly thing is moderately wounded.
You slash the gnoll! You closely miss the howler monkey.
You barely miss the gnoll. The white ugly thing headbutts you!
The white ugly thing freezes you! You resist.
You block the howler monkey's attack.
The gnoll sergeant throws a poisoned dart.
The poisoned dart hits you. The gnoll hits you but does no damage.
You block the gnoll's attack. x2; The white ugly thing headbutts you.
The white ugly thing freezes you. You resist.
You hit the gnoll.
The gnoll is almost dead.
You slash the white ugly thing! You slash the howler monkey! You hit the gnoll.
You block the howler monkey's attack.
The howler monkey hoots and howls with incredible vigour!
The gnoll sergeant throws a poisoned dart.
You block the poisoned dart. The gnoll closely misses you.
The gnoll barely misses you.
A kobold comes into view. It is wielding a +0 short sword.
You block the gnoll's attack. The white ugly thing headbutts you.
The white ugly thing freezes you! You resist.
8159 ||| READING 2 scrolls of teleportation.
As you read the scroll of teleportation, it crumbles to dust.
You feel strangely unstable.
The howler monkey completely misses you.
The gnoll sergeant closely misses you. You block the gnoll's attack.
The gnoll barely misses you. You block the gnoll's attack.
The white ugly thing closely misses you.
The howler monkey hits you.
You die...

#~.~# ##.. #~.~#.>..##... .
#~.~#......... ..
#~.~#......... ...
#~.~#......... ....
#~.~#......... ### .K...
####...#......... #~#
...K.h##.##'''#....>....
#~### ###5hu@)gT............#
#~~~###~#..hggg.............
##~~#~#~##.SK...........#.#.
#~#~#~~~~#.........##..### #.
#~#~#~~~~#.###...#........ ..
#~#~~###~#..#.........#....##
#~##~# #~##.........#.#.####
#~##~# #~~##........#....#.#
#~##~# #~~~##...........).?#~


You could see a white ugly thing, a troll, a water moccasin, a kobold brigand, a
gnoll sergeant, 3 howler monkeys, 3 gnolls, a shadow imp and 2 kobolds.

Vanquished Creatures
  Prince Ribbit (D:7)
  Grinder (D:6)
  2 steam dragons (D:5)
  A water moccasin (D:7)
  3 ice beasts
  A sky beast (D:7)
  An orc warrior (D:7)
  2 black bears (D:6)
  An ogre (D:5)
  A phantom (D:6)
  A kobold brigand (D:6)
  A bullfrog (D:6)
  A necrophage (D:6)
  A scorpion (D:6)
  5 wights (D:8)
  4 hounds
  4 iguanas
  Robin (D:2)
  7 gnolls
  7 adders
  3 ufetubi
  An adder zombie (D:2)
  2 adder skeletons (D:2)
  3 worms
  3 dart slugs
  8 orcs
  A bat zombie (D:2)
  4 endoplasms
  4 giant cockroaches
  21 goblins
  3 hobgoblins
  4 jackals (D:2)
  11 kobolds
  7 quokkas
  5 ball pythons
  A ball python skeleton (D:2)
  A ball python zombie (D:2)
  6 bats
  11 frilled lizards
  3 rats (D:1)
148 creatures vanquished.

Vanquished Creatures (others)
  15 fungi (D:5)
  2 plants (D:4)
  3 withered plants (D:2)
20 creatures vanquished.

Grand Total: 168 creatures vanquished

Notes
Turn   | Place    | Note
-------+----------+-------------------------------------------
     0 | D:1      | qw the Gargoyle Fighter began the quest for the Orb.
     0 | D:1      | Reached XP level 1. HP: 14/14 MP: 1/1
     0 | D:1      | 0 ||| qw: Version: 0.2-a-10-g399e6c4
     0 | D:1      | 0 ||| qw: Game counter: 240
     0 | D:1      | 0 ||| qw: Always use a shield: true
     0 | D:1      | 0 ||| qw: God list: Okawaru
     0 | D:1      | 0 ||| qw: Allow faded altars: false
     0 | D:1      | 0 ||| qw: Do Orc after D:15 true
     0 | D:1      | 0 ||| qw: Do second Lair branch before Depths: true
     0 | D:1      | 0 ||| qw: Lair rune preference: random
     0 | D:1      | 0 ||| qw: Plans: Normal, Zot:1-4, God:TSO, Crypt, Tomb,
                  | Pan, Slime:5, Hells, Abyss, Orb
     0 | D:1      | 0 ||| PLANNING D:1-11
    91 | D:1      | Reached XP level 2. HP: 19/19 MP: 2/2
   442 | D:1      | Reached skill level 3 in Axes
   489 | D:1      | 489 ||| Stepping ~*~*~tactically~*~*~ (hiding).
   495 | D:1      | Reached XP level 3. HP: 22/23 MP: 3/3
   684 | D:1      | Found a faded altar of an unknown god.
  1067 | D:1      | 1067 ||| UPGRADING to +0 tower shield.
  1077 | D:1      | 1077 ||| DROPPING +0 buckler.
  1078 | D:1      | 1078 ||| UPGRADING to amulet of the acrobat.
  1083 | D:1      | 1083 ||| READING scroll labelled KADEDO SARUNKIUD.
  1084 | D:1      | 1084 ||| READING scroll labelled LULINNA LINANN.
  1085 | D:1      | 1085 ||| READING scroll labelled BUORPH HOUMPAX.
  1086 | D:1      | 1086 ||| DRINKING 2 sapphire potions.
  1211 | D:2      | 1211 ||| Stepping ~*~*~tactically~*~*~ (stealth).
  1214 | D:2      | 1214 ||| Stepping ~*~*~tactically~*~*~ (stealth).
  1215 | D:2      | 1215 ||| Stepping ~*~*~tactically~*~*~ (stealth).
  1232 | D:2      | Reached skill level 4 in Shields
  1232 | D:2      | Reached XP level 4. HP: 10/28 MP: 4/4
  1235 | D:2      | HP: 5/28 [gnoll/+0 whip (4)]
  1483 | D:2      | 1483 ||| DROPPING +0 whip.
  1507 | D:2      | 1507 ||| Stepping ~*~*~tactically~*~*~ (stealth).
  1508 | D:2      | 1508 ||| Stepping ~*~*~tactically~*~*~ (stealth).
  1631 | D:2      | Noticed Robin
  1642 | D:2      | Killed Robin
  1643 | D:2      | Reached skill level 5 in Shields
  1652 | D:2      | Reached XP level 5. HP: 14/32 MP: 5/5
  1870 | D:2      | 1870 ||| Stepping ~*~*~tactically~*~*~ (stealth).
  1887 | D:2      | Found the +7 Kryia's mail coat {PotionHeal*2 rC+}
  2286 | D:2      | 2286 ||| UPGRADING to +0 helmet.
  2291 | D:2      | 2291 ||| UPGRADING to +7 Kryia's mail coat {PotionHeal*2
                  | rC+}.
  2301 | D:2      | 2301 ||| DROPPING +0 scale mail.
  2302 | D:2      | 2302 ||| READING scroll labelled DOUSAK KEER.
  2307 | D:2      | 2307 ||| READING scroll labelled SAECON OMYEXOAGI.
  2308 | D:2      | 2308 ||| DRINKING 2 sedimented grey potions.
  2386 | D:3      | 2386 ||| Stepping ~*~*~tactically~*~*~ (hiding).
  2408 | D:3      | Found a faded altar of an unknown god.
  2412 | D:3      | Found an opulent altar of Gozag.
  2568 | D:3      | 2568 ||| READING scroll of enchant armour.
  2568 | D:3      | 2568 ||| ENCHANTING +0 helmet.
  3250 | D:3      | 3250 ||| UPGRADING to +1 pair of gloves.
  3255 | D:3      | 3255 ||| READING scroll labelled XUMMIB PUOMUOMM.
  3356 | D:3      | 3356 ||| READING scroll labelled ODDALU IRHEO.
  3357 | D:3      | 3357 ||| DRINKING 2 cyan potions.
  3425 | D:4      | Found a staircase to the Ecumenical Temple.
  3426 | D:4      | 3426 ||| PLANNING TEMPLE
  3430 | Temple   | Entered the Ecumenical Temple
  3432 | Temple   | 3432 ||| PLANNING OKAWARU WORSHIP
  3439 | Temple   | Became a worshipper of Warmaster Okawaru
  3440 | Temple   | 3440 ||| PLANNING D:1-11
  3643 | D:4      | Found a bloodstained altar of Trog.
  3670 | D:4      | Found Ufirim's Distillery.
  3678 | D:4      | 3678 ||| BUYING potion of attraction (33 gold).
  3678 | D:4      | Bought a potion of attraction for 33 gold pieces
  3678 | D:4      | 3678 ||| BUYING potion of curing (33 gold).
  3678 | D:4      | Bought a potion of curing for 33 gold pieces
  3678 | D:4      | 3678 ||| BUYING potion of haste (110 gold).
  3678 | D:4      | Bought a potion of haste for 110 gold pieces
  3678 | D:4      | 3678 ||| SHOPLISTING potion of haste (110 gold, have 31).
  3678 | D:4      | 3678 ||| SHOPLISTING potion of resistance (110 gold, have
                  | 31).
  3950 | D:4      | Reached skill level 6 in Shields
  4017 | D:4      | Reached XP level 6. HP: 37/37 MP: 6/6
  4119 | D:4      | 4119 ||| Stepping ~*~*~tactically~*~*~ (stealth).
  4124 | D:4      | 4124 ||| Stepping ~*~*~tactically~*~*~ (stealth).
  4224 | D:4      | Identified the +2 scale mail "Gahaph" {rCorr}
  4458 | D:4      | 4458 ||| STAIRDANCE
  4462 | D:4      | 4462 ||| STAIRDANCE
  4466 | D:4      | 4466 ||| STAIRDANCE
  4470 | D:4      | 4470 ||| STAIRDANCE
  4474 | D:4      | 4474 ||| STAIRDANCE
  4478 | D:4      | 4478 ||| STAIRDANCE
  4482 | D:4      | 4482 ||| STAIRDANCE
  4486 | D:4      | 4486 ||| STAIRDANCE
  4490 | D:4      | 4490 ||| STAIRDANCE
  4494 | D:4      | 4494 ||| STAIRDANCE
  4498 | D:4      | 4498 ||| STAIRDANCE
  4502 | D:4      | 4502 ||| STAIRDANCE
  4506 | D:4      | 4506 ||| STAIRDANCE
  4510 | D:4      | 4510 ||| STAIRDANCE
  4514 | D:4      | 4514 ||| STAIRDANCE
  4518 | D:4      | 4518 ||| STAIRDANCE
  4522 | D:4      | 4522 ||| STAIRDANCE
  4526 | D:4      | 4526 ||| STAIRDANCE
  4530 | D:4      | 4530 ||| STAIRDANCE
  4534 | D:4      | 4534 ||| STAIRDANCE
  4683 | D:5      | Entered Level 5 of the Dungeon
  4941 | D:5      | 4941 ||| READING scroll of enchant weapon.
  4941 | D:5      | 4941 ||| ENCHANTING +1 war axe.
  4994 | D:5      | Reached skill level 7 in Shields
  5380 | D:5      | Noticed an ice beast
  5399 | D:5      | Killed an ice beast
  5400 | D:5      | Reached XP level 7. HP: 41/41 MP: 7/7
  5489 | D:5      | Noticed a steam dragon
  5490 | D:5      | Noticed a steam dragon
  5497 | D:5      | HP: 8/41 [steam dragon (4)]
  5498 | D:5      | 5498 ||| READING 2 scrolls of teleportation.
  5498 | D:5      | HP: 2/41 [steam dragon (4)]
  5499 | D:5      | 5499 ||| DRINKING potion of heal wounds.
  5754 | D:5      | Reached * piety under Okawaru
  5867 | D:5      | 5867 ||| READING scroll of enchant weapon.
  5867 | D:5      | 5867 ||| ENCHANTING +2 war axe.
  6164 | D:5      | 6164 ||| Stepping ~*~*~tactically~*~*~ (stealth).
  6165 | D:5      | 6165 ||| INVOKING Heroism.
  6168 | D:5      | 6168 ||| READING scroll labelled ERIGEV XE WIS.
  6170 | D:5      | 6170 ||| READING scroll labelled JYSOAFEMECH.
  6184 | D:5      | Killed a steam dragon
  6185 | D:5      | Reached skill level 8 in Shields
  6402 | D:5      | 6402 ||| INVOKING Heroism.
  6409 | D:5      | Killed a steam dragon
  6410 | D:5      | Reached skill level 1 in Invocations
  6410 | D:5      | 6410 ||| Stepping ~*~*~tactically~*~*~ (cloud).
  6452 | D:5      | 6452 ||| READING scroll labelled ZUONNU PYAF.
  6453 | D:5      | 6453 ||| DRINKING 2 lumpy sapphire potions.
  6454 | D:5      | 6454 ||| DRINKING 2 pink potions.
  6455 | D:5      | 6455 ||| DROPPING potion of invisibility.
  6528 | D:6      | 6528 ||| STAIRDANCE
  6538 | D:5      | Reached XP level 8. HP: 46/46 MP: 9/9
  6577 | D:6      | 6577 ||| INVOKING Heroism.
  6589 | D:6      | Reached skill level 3 in Invocations
  6620 | D:6      | 6620 ||| Stepping ~*~*~tactically~*~*~ (stealth).
  6630 | D:6      | 6630 ||| INVOKING Heroism.
  6724 | D:6      | 6724 ||| INVOKING Heroism.
  6755 | D:6      | 6755 ||| READING scroll of enchant armour.
  6755 | D:6      | 6755 ||| ENCHANTING +1 pair of gloves.
  6862 | D:6      | 6862 ||| INVOKING Heroism.
  6870 | D:6      | Reached skill level 9 in Shields
  7038 | D:6      | Noticed Grinder
  7039 | D:6      | 7039 ||| INVOKING Heroism.
  7044 | D:6      | Killed Grinder
  7044 | D:6      | Reached ** piety under Okawaru
  7169 | D:6      | 7169 ||| DROPPING ring of magical power.
  7170 | D:6      | 7170 ||| READING scroll labelled ZUMEST JYDOITH.
  7193 | D:7      | Reached XP level 9. HP: 52/52 MP: 12/12
  7230 | D:7      | Found a blossoming altar of Fedhas.
  7230 | D:7      | Found a snail-covered altar of Cheibriados.
  7230 | D:7      | Found a radiant altar of Vehumet.
  7472 | D:7      | Found Zoty's Armour Emporium.
  7477 | D:7      | Reached skill level 6 in Axes
  7484 | D:7      | 7484 ||| BUYING +0 pair of boots (58 gold).
  7484 | D:7      | Bought a +0 pair of boots for 58 gold pieces
  7531 | D:7      | 7531 ||| INVOKING Heroism.
  7602 | D:7      | Noticed Prince Ribbit
  7603 | D:7      | 7603 ||| Stepping ~*~*~tactically~*~*~ (stealth).
  7604 | D:7      | 7604 ||| Stepping ~*~*~tactically~*~*~ (stealth).
  7605 | D:7      | 7605 ||| Stepping ~*~*~tactically~*~*~ (stealth).
  7606 | D:7      | 7606 ||| INVOKING Heroism.
  7613 | D:7      | Killed Prince Ribbit
  7635 | D:7      | 7635 ||| INVOKING Heroism.
  7642 | D:7      | Reached skill level 10 in Shields
  7755 | D:7      | 7755 ||| UPGRADING to +0 pair of boots.
  7760 | D:7      | 7760 ||| READING scroll labelled IRAZAPH RAON.
  7761 | D:7      | 7761 ||| READING 2 scrolls of identify.
  7761 | D:7      | 7761 ||| IDENTIFYING red potion
  7762 | D:7      | 7762 ||| DROPPING potion of degeneration.
  7796 | D:8      | 7796 ||| Stepping ~*~*~tactically~*~*~ (stealth).
  7807 | D:8      | 7807 ||| INVOKING Heroism.
  7928 | D:8      | 7928 ||| Stepping ~*~*~tactically~*~*~ (hiding).
  8147 | D:8      | 8147 ||| INVOKING Heroism.
  8148 | D:8      | Noticed a troll
  8153 | D:8      | Noticed a white ugly thing
  8158 | D:8      | HP: 1/52 [white ugly thing (14)]
  8159 | D:8      | 8159 ||| READING 2 scrolls of teleportation.
  8159 | D:8      | Slain by a howler monkey

Levels and vault maps discovered:
D:1:      shiori_shiawase, layout_basic, shapermc_ecumenical_altar_totnotflames,
          minmay_lizard_pond
D:2:      layout_loops_ring, serial_undead, serial_undead_d, serial_undead_f,
          serial_undead_d, serial_undead_c, uniq_robin
D:3:      layout_basic, nicolae_overflow_ecumenical_swirl, serial_glass,
          glass_columns_b, glass_columns_a, small_statue_intersection,
          kennysheep_generic_room_4
D:4:      layout_loops_corners, mainiacjoe_overflow_small_starburst,
          minmay_temple_entry_wispy, serial_shops, shop, minivault_23,
          wad_woods_river_04
D:5:      kennysheep_steamy, layout_basic, dk_vineyard_2
D:6:      layout_basic, uniq_grinder
D:7:      layout_basic, gammafunk_temple_overflow_forgotten, serial_shops,
          nicolae_lakefront_shop, uniq_prince_ribbit1
D:8:      layout_cave_pools, serial_rivers, chequers_serial_rivers_small_b,
          chequers_serial_rivers_large_b, chequers_serial_rivers_small_3,
          chequers_serial_rivers_micro_d, chequers_serial_rivers_room_b,
          st_stairs_9, dreamdust_princess_corridor, kennysheep_cross_bottleneck
Temple:   sentei_temple_godly_chess

Skill      XL: |  1  2  3  4  5  6  7  8  9 |
---------------+----------------------------+-----
Axes           | 2 3 4 5 6 |  6.9
Shields        | 4 5 6 7 8 9 10 | 10.1
Invocations    | 2 4 |  4.1
Fighting       | 4 |  4.1
Dodging        | 2 |  2.4
Armour         | |  3.2

Action                   |  1- 3 |  4- 6 |  7- 9 || total
-------------------------+-------+-------+-------++-------
Melee: War axe           |   122 |   238 |   204 ||   564
Throw: Boomerang         |     2 |       |    23 ||    25
Invok: Heroism           |       |       |    12 ||    12
  Use: Scroll            |     3 |     6 |    10 ||    19
       Potion            |     1 |     2 |     3 ||     6
Armor: Scale mail        |    55 |   122 |   127 ||   304
Dodge: Dodged            |    44 |    59 |    69 ||   172
Block: Buckler           |    25 |       |       ||    25
       Tower shield      |    25 |   214 |   211 ||   450

Table legend:
 A = Non-vault XP
 B = Vault XP
 C = Vault XP percentage of total XP
 D = Non-vault monster count
 E = Vault monster count
 F = Vault count percentage of total count
                 A         B        C        D         E       F
            +---------+---------+-------+---------+---------+-------
      Total |    2668 |     974 |  26.7 |     119 |      29 |  19.6
            +---------+---------+-------+---------+---------+-------
        D:1 |      36 |       5 |  12.2 |      23 |       5 |  17.9
        D:2 |      86 |      58 |  40.3 |      16 |      19 |  54.3
        D:3 |      64 |       2 |   3.0 |      18 |       1 |   5.3
        D:4 |     122 |       0 |   0.0 |      14 |       0 |   0.0
        D:5 |     494 |     368 |  42.7 |      13 |       2 |  13.3
        D:6 |     803 |     267 |  25.0 |      17 |       1 |   5.6
        D:7 |     677 |     274 |  28.8 |      12 |       1 |   7.7
        D:8 |     386 |       0 |   0.0 |       6 |       0 |   0.0
            +---------+---------+-------+---------+---------+-------
